 Dungeon Crawl Stone Soup version 0.29.0-4-gdea44cf6ec (webtiles) character file.

Game seed: 6176046620030971092

1813 qw the Cleaver (level 8, -17/61 HPs)
             Began as a Demonspawn Cinder Acolyte on Sept 9, 2022.
             Was a Priest of Ignis.
             Demolished by a two-headed ogre
             ... wielding a +0 giant spiked club
              (19 damage)
             ... on level 7 of the Dungeon.
             The game lasted 00:02:43 (8124 turns).

qw the Cleaver (Demonspawn Cinder Acolyte)          Turns: 8124, Time: 00:02:44

Health: -17/61     AC: 27    Str: 16    XL:     8   Next: 84%
Magic:  0/9        EV:  5    Int: 14    God:    Ignis [***...]
Gold:   168        SH:  4    Dex: 13    Spells: 9/9 levels left

rFire   + . .      SeeInvis .   Y - +1 war axe (venom)
rCold   . . .      Faith    .   o - +0 buckler
rNeg    . . .      Spirit   +   b - +0 plate armour
rPois   +          Reflect  .   a - +0 helmet
rElec   .          Harm     .   (no cloak)
rCorr   .          Rampage  .   k - +0 pair of gloves
Will    +....                   c - +0 pair of boots
Stlth   ..........              (no amulet)
HPRegen 0.20/turn               r - +4 ring of protection
MPRegen 0.22/turn               l - ring of willpower

@: fiery-armoured
A: foul stench 1, magic shield, magic regeneration, weakness stinger 1, agile 1,
poison resistance
a: Renounce Religion, Fiery Armour, Foxfire Swarm, Rising Flame


You were on level 7 of the Dungeon.
You worshipped Ignis.
Ignis was most pleased with you.
You visited 1 branch of the dungeon, and saw 7 of its levels.

You collected 212 gold pieces.
You spent 44 gold pieces at shops.


Innate Abilities, Weirdness & Mutations

You may rarely emit foul miasma when damaged in melee.
When hurt, damage is shared between your health and your magic reserves.
You regenerate magic rapidly.
You have a small tail.
You are agile. (Dex +4, Str/Int -1)
Your system is resistant to poisons. (rPois)


   Skills:
 + Level 4.7 Fighting
 - Level 8.0 Axes
 - Level 1.1 Throwing
 - Level 5.3 Armour
 - Level 1.0 Dodging
 - Level 2.4 Shields
 - Level 1.0 Spellcasting
 - Level 2.6 Fire Magic


You had 9 spell levels left.
You didn't know any spells.
Your spell library contained the following spells:

 Spells                   Type           Power      Damage    Failure   Level
 Scorch                   Fire           16%        2d5       100%        2

Inventory:

Hand Weapons
 j - a -1 hand axe of flaming
 Y - a +1 war axe of venom (weapon)
Missiles
 p - a silver boomerang (quivered)
Armour
 a - a +0 helmet (worn)
 b - a +0 plate armour (worn)
 c - a +0 pair of boots (worn)
 k - a +0 pair of gloves (worn)
 o - a +0 buckler (worn)
Jewellery
 l - a ring of willpower (right hand)
 r - a +4 ring of protection (left hand)
Scrolls
 f - a scroll of identify
Potions
 d - a potion of haste
 e - 6 potions of curing
 g - a potion of might
 h - a potion of attraction {unknown}
 i - a potion of brilliance {unknown}
 m - a potion of mutation
 n - a potion of lignification {unknown}
 q - a potion of flight {unknown}
 t - a potion of ambrosia {unknown}

Dungeon Overview and Level Annotations

Branches:
Dungeon (7/15)             Temple (0/1) D:7

Altars:
Fedhas
Qazlal
Trog
Uskayaw

Shops:
D:3 ?   D:6 ([=(

Annotations:
D:5 2 transporters, qw's ghost, novice OgEn
D:7 Pikel


Message History

You tail-slap the two-headed ogre, but do no damage.
The two-headed ogre is lightly wounded.
You hit the lemure.
The lemure is poisoned.
The lemure hits you but does no damage.
The lemure is burned by your cloak of flames.
The lemure is moderately wounded.
You barely miss the two-headed ogre.
The two-headed ogre is moderately wounded.
You barely miss the lemure. The two-headed ogre barely misses you.
The two-headed ogre hits you with a +0 giant spiked club!
The two-headed ogre is burned by your cloak of flames.
The two-headed ogre is moderately wounded.
The lemure barely misses you.
You slash the two-headed ogre! You tail-slap the two-headed ogre.
The two-headed ogre is heavily wounded.
You barely miss the lemure. You hit the lemure.
The two-headed ogre hits you with a +0 giant spiked club!
The two-headed ogre is burned by your cloak of flames.
The two-headed ogre is severely wounded.
The two-headed ogre hits you with a +0 giant spiked club!
The two-headed ogre is burned by your cloak of flames.
The two-headed ogre is severely wounded.
The lemure hits you but does no damage.
The lemure is burned by your cloak of flames.
The lemure is lightly wounded.
The lemure hits you but does no damage.
The lemure is burned by your cloak of flames.
The lemure is severely wounded.
You hit the two-headed ogre.
The two-headed ogre looks as sick as possible!
The two-headed ogre is severely wounded.
You closely miss the lemure. x2
The lemure hits you but does no damage.
The lemure is burned by your cloak of flames.
The lemure is moderately wounded.
The lemure hits you but does no damage.
The two-headed ogre completely misses you.
The two-headed ogre hits you with a +0 giant spiked club!!
You die...

#.# #.....## #.#
###..##....). #..
#<.##....$.. ###
#)##........
#.#.........
#.#.........
########.#.......}/
.........'..5.....7
.....###.'.@OK5...7
### #..)#..5....}$
#.#.#..5......
#.#.#......... >
#.##........ .#
...##....... .. ##.
#...... .. . #....[


You could see a two-headed ogre (extremely poisoned), Pikel and 4 lemures.

Vanquished Creatures
  A cyclops (D:7)
  A water moccasin (D:6)
  A bullfrog (D:7)
  3 necrophages (D:5)
  2 scorpions (D:6)
  A howler monkey (D:5)
  A crimson imp (D:5)
  2 gnoll boudas
  3 hounds (D:4)
  3 jellies
  3 orc priests
  5 iguanas
  3 orc wizards
  14 gnolls
  7 adders
  2 white imps
  2 ufetubi
  2 worms
  4 dart slugs
  23 orcs
  2 ball pythons
  12 bats
  6 endoplasms
  6 giant cockroaches
  13 goblins
  12 hobgoblins
  6 jackals (D:1)
  3 quokkas
  7 frilled lizards
  16 kobolds
  6 rats
  A spectral goblin (D:2)
173 creatures vanquished.

Vanquished Creatures (others)
  2 fungi (D:6)
  8 plants
10 creatures vanquished.

Grand Total: 183 creatures vanquished

Notes
Turn   | Place    | Note
-------+----------+-------------------------------------------
     0 | D:1      | qw the Demonspawn Cinder Acolyte began the quest for the
                  | Orb.
     0 | D:1      | Reached XP level 1. HP: 18/18 MP: 2/2
     0 | D:1      | 0 ||| qw: Version: 0.1-a-113-g051387a
     0 | D:1      | 0 ||| qw: Game counter: 7161
     0 | D:1      | 0 ||| qw: Always use a shield: true
     0 | D:1      | 0 ||| qw: God list: Okawaru
     0 | D:1      | 0 ||| qw: Allow faded altars: false
     0 | D:1      | 0 ||| qw: Do Orc after D:15 true
     0 | D:1      | 0 ||| qw: Do second Lair branch before Depths: true
     0 | D:1      | 0 ||| qw: Lair rune preference: random
     0 | D:1      | 0 ||| qw: Plans: Normal
     0 | D:1      | 0 ||| PLANNING D:1-11
   170 | D:1      | Reached skill level 3 in Axes
   204 | D:1      | 204 ||| Stepping ~*~*~tactically~*~*~ (hiding).
   220 | D:1      | 220 ||| Stepping ~*~*~tactically~*~*~ (hiding).
   249 | D:1      | 249 ||| Stepping ~*~*~tactically~*~*~ (hiding).
   351 | D:1      | 351 ||| Stepping ~*~*~tactically~*~*~ (hiding).
   359 | D:1      | Gained mutation: You have a small tail. [demonic ancestry]
   359 | D:1      | Reached XP level 2. HP: 24/24 MP: 3/3
   464 | D:1      | 464 ||| Stepping ~*~*~tactically~*~*~ (hiding).
   495 | D:1      | 495 ||| Stepping ~*~*~tactically~*~*~ (stealth).
   778 | D:1      | 778 ||| Stepping ~*~*~tactically~*~*~ (stealth).
   780 | D:1      | 780 ||| Stepping ~*~*~tactically~*~*~ (stealth).
   793 | D:1      | 793 ||| INVOKING Fiery Armour.
   795 | D:1      | 795 ||| Stepping ~*~*~tactically~*~*~ (stealth).
  1051 | D:1      | Gained mutation: You regenerate magic rapidly. [demonic
                  | ancestry]
  1051 | D:1      | Reached XP level 3. HP: 29/29 MP: 4/4
  1461 | D:1      | Reached skill level 4 in Axes
  1597 | D:1      | 1597 ||| UPGRADING to +0 scale mail.
  1607 | D:1      | 1607 ||| DROPPING +0 robe.
  1608 | D:1      | 1608 ||| UPGRADING to ring of poison resistance.
  1609 | D:1      | 1609 ||| READING scroll labelled GYPISO ECEOPH.
  1610 | D:1      | 1610 ||| READING scroll labelled ISMOTO TUNTASM.
  1829 | D:2      | 1829 ||| Stepping ~*~*~tactically~*~*~ (hiding).
  1879 | D:2      | Found a faded altar of an unknown god.
  1880 | D:2      | 1880 ||| Stepping ~*~*~tactically~*~*~ (water).
  1904 | D:2      | Reached skill level 1 in Armour
  2307 | D:2      | Gained mutation: You may rarely emit foul miasma when
                  | damaged in melee. [demonic ancestry]
  2307 | D:2      | Reached XP level 4. HP: 35/35 MP: 5/5
  2747 | D:2      | 2747 ||| UPGRADING to +0 plate armour.
  2757 | D:2      | 2757 ||| DROPPING +0 scale mail.
  2758 | D:2      | 2758 ||| READING scroll labelled QACZETI OTUYRR.
  2759 | D:2      | 2759 ||| DRINKING 2 red potions.
  2769 | D:3      | 2769 ||| Stepping ~*~*~tactically~*~*~ (stealth).
  2793 | D:3      | Found Bagryine's Magic Scroll Boutique.
  2805 | D:3      | 2805 ||| SHOPLISTING scroll of enchant armour (82 gold,
                  | have 54).
  2805 | D:3      | 2805 ||| SHOPLISTING scroll of enchant weapon (82 gold,
                  | have 54).
  2805 | D:3      | 2805 ||| BUYING scroll of identify (22 gold).
  2805 | D:3      | Bought a scroll of identify for 22 gold pieces
  2805 | D:3      | 2805 ||| BUYING scroll of identify (22 gold).
  2805 | D:3      | Bought a scroll of identify for 22 gold pieces
  2805 | D:3      | 2805 ||| SHOPLISTING scroll of identify (22 gold, have 10).
  2805 | D:3      | 2805 ||| SHOPLISTING scroll of teleportation (33 gold, have
                  | 10).
  2828 | D:3      | 2828 ||| Stepping ~*~*~tactically~*~*~ (hiding).
  2836 | D:3      | 2836 ||| INVOKING Fiery Armour.
  2842 | D:3      | HP: 5/35 [hobgoblin (4)]
  2866 | D:3      | 2866 ||| FLEEEEING.
  2870 | D:3      | 2870 ||| FLEEEEING.
  2871 | D:3      | 2871 ||| STAIRDANCE
  3113 | D:2      | 3113 ||| READING 2 scrolls of identify.
  3113 | D:2      | 3113 ||| IDENTIFYING viscous blue potion
  3114 | D:2      | 3114 ||| DROPPING potion of degeneration.
  3139 | D:3      | 3139 ||| SWAPPING to +0 war axe.
  3187 | D:3      | 3187 ||| Stepping ~*~*~tactically~*~*~ (stealth).
  3199 | D:3      | Reached skill level 5 in Axes
  3199 | D:3      | Reached XP level 5. HP: 22/41 MP: 6/6
  3201 | D:3      | 3201 ||| INVOKING Fiery Armour.
  3656 | D:3      | 3656 ||| Stepping ~*~*~tactically~*~*~ (hiding).
  3658 | D:3      | 3658 ||| Stepping ~*~*~tactically~*~*~ (hiding).
  3772 | D:3      | Found a hide-covered altar of Uskayaw.
  3782 | D:3      | 3782 ||| DRINKING 2 fuming orange potions.
  3820 | D:4      | 3820 ||| STAIRDANCE
  4207 | D:4      | Reached XP level 6. HP: 26/47 MP: 7/7
  4518 | D:4      | 4518 ||| INVOKING Fiery Armour.
  4519 | D:4      | HP: 9/47 [gnoll/+0 halberd (4)]
  4859 | D:4      | Found a bloodstained altar of Trog.
  4874 | D:4      | Reached skill level 6 in Axes
  5737 | D:4      | 5737 ||| INVOKING Fiery Armour.
  5745 | D:4      | Reached skill level 1 in Throwing
  5886 | D:4      | 5886 ||| UPGRADING to ring of willpower.
  5887 | D:4      | 5887 ||| READING scroll labelled SUUC YMMOTZU.
  5888 | D:4      | 5888 ||| READING 2 scrolls labelled RESAASSEGO.
  5889 | D:4      | 5889 ||| READING scroll labelled KANAK ZAYHUXAUPSU.
  5890 | D:4      | 5890 ||| READING scroll labelled OMELAL ESTRU.
  5891 | D:4      | 5891 ||| READING scroll labelled WUITUC IFAKLU.
  5992 | D:4      | 5992 ||| DRINKING 2 metallic clear potions.
  5993 | D:4      | 5993 ||| READING 2 scrolls of identify.
  5993 | D:4      | 5993 ||| IDENTIFYING bubbling red potion
  5994 | D:4      | 5994 ||| DROPPING potion of invisibility.
  5995 | D:4      | 5995 ||| DROPPING scroll of magic mapping.
  6015 | D:5      | Entered Level 5 of the Dungeon
  6118 | D:5      | Gained mutation: When hurt, damage is shared between your
                  | health and your magic reserves. [demonic ancestry]
  6118 | D:5      | Reached XP level 7. HP: 52/55 MP: 8/8
  6176 | D:5      | 6176 ||| Stepping ~*~*~tactically~*~*~ (hiding).
  6177 | D:5      | 6177 ||| Stepping ~*~*~tactically~*~*~ (hiding).
  6181 | D:5      | 6181 ||| Stepping ~*~*~tactically~*~*~ (hiding).
  6358 | D:5      | Noticed qw's ghost (novice OgEn)
  6362 | D:5      | Identified the +1 scale mail of Compression {Contam rCorr
                  | Str+6 Int+4}
  6651 | D:5      | Reached skill level 7 in Axes
  6719 | D:5      | 6719 ||| Stepping ~*~*~tactically~*~*~ (stealth).
  6732 | D:5      | Reached skill level 3 in Armour
  6794 | D:5      | 6794 ||| Stepping ~*~*~tactically~*~*~ (stealth).
  6808 | D:5      | 6808 ||| Stepping ~*~*~tactically~*~*~ (stealth).
  6809 | D:5      | 6809 ||| Stepping ~*~*~tactically~*~*~ (stealth).
  6827 | D:5      | 6827 ||| Stepping ~*~*~tactically~*~*~ (hiding).
  6829 | D:5      | 6829 ||| Stepping ~*~*~tactically~*~*~ (hiding).
  6936 | D:5      | Found a transporter.
  6947 | D:5      | Found a transporter.
  7167 | D:5      | 7167 ||| UPGRADING to +0 helmet.
  7172 | D:5      | 7172 ||| UPGRADING to +0 pair of boots.
  7177 | D:5      | 7177 ||| UPGRADING to +0 pair of gloves.
  7182 | D:5      | 7182 ||| UPGRADING to +0 buckler.
  7187 | D:5      | 7187 ||| READING scroll labelled ILACLA ASEE.
  7309 | D:5      | 7309 ||| DRINKING 2 smoky grey potions.
  7309 | D:5      | Gained mutation: Your system is resistant to poisons.
                  | (rPois) [potion of mutation]
  7309 | D:5      | Gained mutation: You are agile. (Dex +4, Str/Int -1)
                  | [potion of mutation]
  7310 | D:5      | 7310 ||| REMOVING ring of poison resistance.
  7311 | D:5      | 7311 ||| DROPPING ring of poison resistance.
  7328 | D:6      | 7328 ||| Stepping ~*~*~tactically~*~*~ (hiding).
  7329 | D:6      | 7329 ||| INVOKING Fiery Armour.
  7335 | D:6      | Reached skill level 1 in Shields
  7338 | D:6      | Reached XP level 8. HP: 54/61 MP: 7/9
  7341 | D:6      | Reached skill level 1 in Dodging
  7341 | D:6      | 7341 ||| FLEEEEING.
  7342 | D:6      | 7342 ||| STAIRDANCE
  7521 | D:6      | Found Sobih's Weapon Boutique.
  7571 | D:6      | Found a stormy altar of Qazlal.
  7591 | D:6      | Found a blossoming altar of Fedhas.
  7677 | D:6      | 7677 ||| Stepping ~*~*~tactically~*~*~ (stealth).
  7720 | D:6      | Found Ranaol Buol's Armour Boutique.
  7840 | D:6      | Found Xiykhlopo's Jewellery Emporium.
  7843 | D:6      | 7843 ||| SHOPLISTING +4 ring of protection (504 gold, have
                  | 148).
  7843 | D:6      | 7843 ||| SHOPLISTING +4 ring of slaying (1092 gold, have
                  | 148).
  7843 | D:6      | 7843 ||| SHOPLISTING +6 ring of strength (504 gold, have
                  | 148).
  7843 | D:6      | 7843 ||| SHOPLISTING ring of ice (350 gold, have 148).
  7843 | D:6      | 7843 ||| SHOPLISTING ring of resist corrosion (280 gold,
                  | have 148).
  7843 | D:6      | 7843 ||| SHOPLISTING ring of the Stopping Gods {rF+++ rN++
                  | Int+6 Dex-2 Stlth+} (1219 gold, have 148).
  7885 | D:6      | Found Iticw's Antique Weapon Shoppe.
  7916 | D:6      | 7916 ||| UPGRADING to +4 ring of protection.
  7917 | D:6      | 7917 ||| READING scroll labelled ZUOH ROTINU.
  7994 | D:7      | Reached skill level 8 in Axes
  7996 | D:7      | 7996 ||| FLEEEEING.
  7997 | D:7      | 7997 ||| FLEEEEING.
  7998 | D:7      | 7998 ||| FLEEEEING.
  7999 | D:7      | 7999 ||| FLEEEEING.
  8000 | D:7      | 8000 ||| FLEEEEING.
  8001 | D:7      | 8001 ||| FLEEEEING.
  8002 | D:7      | 8002 ||| FLEEEEING.
  8003 | D:7      | 8003 ||| FLEEEEING.
  8004 | D:7      | 8004 ||| FLEEEEING.
  8006 | D:7      | 8006 ||| FLEEEEING.
  8007 | D:7      | 8007 ||| FLEEEEING.
  8008 | D:7      | 8008 ||| FLEEEEING.
  8009 | D:7      | 8009 ||| FLEEEEING.
  8010 | D:7      | 8010 ||| FLEEEEING.
  8011 | D:7      | 8011 ||| FLEEEEING.
  8012 | D:7      | 8012 ||| FLEEEEING.
  8013 | D:7      | 8013 ||| FLEEEEING.
  8014 | D:7      | 8014 ||| FLEEEEING.
  8015 | D:7      | 8015 ||| FLEEEEING.
  8016 | D:7      | 8016 ||| STAIRDANCE
  8059 | D:7      | Found a staircase to the Ecumenical Temple.
  8060 | D:7      | 8060 ||| Stepping ~*~*~tactically~*~*~ (hiding).
  8072 | D:7      | Noticed a cyclops
  8082 | D:7      | Killed a cyclops
  8112 | D:7      | Noticed a two-headed ogre
  8119 | D:7      | Noticed Pikel
  8120 | D:7      | 8120 ||| INVOKING Fiery Armour.
  8123 | D:7      | HP: 13/61 [two-headed ogre/+0 giant spiked club (12)]
  8123 | D:7      | HP: 2/61 [two-headed ogre/+0 giant spiked club (11)]
  8124 | D:7      | Demolished by a two-headed ogre

Levels and vault maps discovered:
D:1:      minmay_arrival_glassed_features, layout_loops_ring, st_stairs_11,
          minivault_27
D:2:      layout_basic, dreamdust_ecumenical_altar_drowned_temple,
          minmay_between
D:3:      layout_basic, nicolae_uskayaw_dance_hall, serial_shops,
          nicolae_square_shop
D:4:      corexii_shantytown, layout_basic,
          mainiacjoe_overflow_concentric_impassable
D:5:      layout_loops_ring, mainiacjoe_overflow_brackets,
          gammafunk_ghost_gnarly_gnolls, minmay_fire_ice_demons
D:6:      layout_rooms, grunt_temple_overflow_forces_of_nature, serial_shops,
          nicolae_shop_overgrown_old_shop, nicolae_shop_crystal,
          nicolae_shop_behind_doors, kennysheep_mini
D:7:      kennysheep_big_flooded_room, layout_basic,
          minmay_temple_entry_proselytizer, corexii_checkpoint_b,
          hangedman_decor_push, uniq_menkaure, uniq_pikel

Skill      XL: |  1  2  3  4  5  6  7  8 |
---------------+-------------------------+-----
Axes           | 3 4 5 6 7 8 |  8.0
Armour         | 1 2 3 5 |  5.3
Throwing       | 1 |  1.1
Fighting       | 4 |  4.7
Shields        | 2 |  2.4
Dodging        | 1 |  1.0
Spellcasting   | |  1.0
Fire Magic     | |  2.6

Action                   |  1- 3 |  4- 6 |  7- 9 || total
-------------------------+-------+-------+-------++-------
Melee: Hand axe          |   129 |    33 |       ||   162
       Tailslap          |     8 |    15 |    24 ||    47
       Punch             |     2 |     3 |       ||     5
       War axe           |       |   205 |   155 ||   360
Throw: Boomerang         |       |     7 |    35 ||    42
Invok: Fiery Armour      |     1 |     4 |     2 ||     7
  Use: Scroll            |     2 |     8 |     2 ||    12
       Potion            |       |     3 |     1 ||     4
Armor: Robe              |    23 |       |       ||    23
       Scale mail        |    10 |     5 |       ||    15
       Plate armour      |       |   143 |    83 ||   226
Dodge: Dodged            |    78 |    66 |    37 ||   181
Block: Buckler           |       |       |    10 ||    10

Table legend:
 A = Non-vault XP
 B = Vault XP
 C = Vault XP percentage of total XP
 D = Non-vault monster count
 E = Vault monster count
 F = Vault count percentage of total count
                 A         B        C        D         E       F
            +---------+---------+-------+---------+---------+-------
      Total |    1869 |     722 |  27.9 |     131 |      42 |  24.3
            +---------+---------+-------+---------+---------+-------
        D:1 |      47 |       5 |   9.6 |      26 |       3 |  10.3
        D:2 |      54 |       5 |   8.5 |      16 |       4 |  20.0
        D:3 |     136 |       0 |   0.0 |      28 |       0 |   0.0
        D:4 |     290 |     113 |  28.0 |      20 |      31 |  60.8
        D:5 |     550 |      60 |   9.8 |      15 |       2 |  11.8
        D:6 |     620 |       0 |   0.0 |      19 |       0 |   0.0
        D:7 |     172 |     539 |  75.8 |       7 |       2 |  22.2
            +---------+---------+-------+---------+---------+-------
